 Dungeon Crawl Stone Soup version 0.23-a0-290-g290e36d (webtiles) character file.

1670 Amnesiac the Geomancer (level 8, 34/34 HPs)
             Began as a Felid Earth Elementalist on Oct 3, 2018.
             Was a Priest of Dithmenos.
             Quit the game on level 8 of the Dungeon.
             The game lasted 00:24:03 (10020 turns).

Amnesiac the Geomancer (Felid Earth Elementalist)  Turns: 10020, Time: 00:24:04

Health: 34/34      AC:  2    Str:  4    XL:     8   Next: 70%
Magic:  18/18      EV: 20    Int: 20    God:    Dithmenos [***...]
Gold:   322        SH:  0    Dex: 16    Spells: 4/19 levels left
                                        Lives:  1   Deaths: 1

rFire    . . .     SeeInvis +     - Unarmed
rCold    . . .     Gourm    .   (shield unavailable)
rNeg     . . .     Faith    .   (armour unavailable)
rPois    .         Spirit   .   (helmet unavailable)
rElec    .         Reflect  .   (cloak unavailable)
rCorr    +         Harm     .   (gloves unavailable)
MR       +....                  (boots unavailable)
Stlth    +++++.....             l - amulet of rage
HPRegen  0.11/turn              (no ring)
MPRegen  0.16/turn              b - ring of resist corrosion

@: wreathed by umbra, quick
A: very small, no armour, no weapons or thrown items, stealth, claws 1, fangs 3,
see invisible, carnivore, speed 1, shaggy fur 2, slow metabolism 1, sharp paws
a: Shadow Step, Renounce Religion, Evoke Berserk Rage


You were on level 8 of the Dungeon.
You worshipped Dithmenos.
Dithmenos was most pleased with you.
You were not hungry.

You visited 2 branches of the dungeon, and saw 9 of its levels.
You also visited: Sewer.

You collected 458 gold pieces.
You spent 136 gold pieces at shops.

Inventory:

Missiles
 r - 58 stones
Jewellery
 b - a ring of resist corrosion (right paw)
 l - an amulet of rage (around neck)
Wands
 o - a wand of digging (9)
 u - a wand of iceblast (5)
 v - a wand of flame (23)
 w - a wand of acid (6)
Scrolls
 a - 3 scrolls of fear {!r}
 d - 6 scrolls of teleportation {!r}
 m - 4 scrolls of amnesia {!r}
 n - 2 scrolls of blinking {!r}
 p - a scroll of magic mapping {!r}
Potions
 e - 6 potions of curing {!q}
 g - a potion of mutation {!q}
 i - 4 potions of flight {!q}
 k - a potion of berserk rage {!q}
 q - 2 potions of brilliance {!q}
 t - a potion of heal wounds {!q}
 x - a potion of invisibility {!q}
Comestibles
 c - 19 rations
 f - 7 chunks of flesh


   Skills:
 - Level 3.1 Fighting
 + Level 5.2 Dodging
 + Level 4.9 Stealth
 * Level 4.8 Unarmed Combat
 - Level 6.0 Spellcasting
 - Level 3.0 Transmutations
 - Level 9.0 Earth Magic


You had 4 spell levels left.
You knew the following spells:

 Your Spells              Type           Power        Failure   Level  Hunger
a - Sandblast             Erth           #####.       1%          1    None
b - Passwall              Tmut/Erth      ####....     1%          2    None
c - Stone Arrow           Conj/Erth      ###...       4%          3    ##.....
d - Lee's Rapid Deconstr  Erth           #####.....   7%          5    #####..
e - Petrify               Tmut/Erth      ####....     9%          4    ####...

Your spell library contained the following spells:

 Spells                   Type           Power        Failure   Level  Hunger


Dungeon Overview and Level Annotations

Branches:
Dungeon (8/15)             Temple (1/1) D:6            Lair (0/6) D:8

Altars:
Ashenzari
Cheibriados
Dithmenos
Fedhas
Gozag
Hepliaklqana
Kikubaaqudgha
Makhleb
Nemelex Xobeh
Okawaru
Qazlal
Sif Muna
Trog
Uskayaw
Vehumet
Wu Jian
Xom
Yredelemnul
Zin
The Shining One

Shops:
D:7 *

Annotations:
D:7 1 runed door, Joseph; MisterFreud's ghost, novice NaFE


Innate Abilities, Weirdness & Mutations

You cannot wear armour.
You are incapable of wielding weapons or throwing items.
Your paws allow you to move quietly. (Stealth)
You have sharp claws.
You have razor-sharp teeth.
You have supernaturally acute eyesight. (SInv)
You are carnivorous and can eat meat at any time.
You cover ground quickly.
You are covered in thick fur. (AC +2)
You have a slow metabolism.
Your sharp claws are effective at attacking unaware monsters.


Message History

The blast of sand hits the orc wizard.
The orc wizard is moderately wounded.
r - 62 stones The orc wizard casts a spell at you.
The magic dart hits you!
* * * LOW HITPOINT WARNING * * *
Casting: Sandblast (safe; 1% risk of failure)
Confirm with . or Enter, or press ? or * to list all spells.
Aiming: Sandblast (safe; 1% risk of failure)
Press: ? - help, Shift-Dir - straight line, f/p - orc wizard
Aim: an orc wizard, wielding a dagger and wearing a robe (moderately wounded, The blast of sand hits the orc wizard.
The orc wizard is almost dead.
r - 61 stones The orc wizard casts a spell.
The orc wizard blinks!
The orc wizard points at you and mumbles some strange words.
The magic dart hits you!
* * * LOW HITPOINT WARNING * * *
Casting: Sandblast (safe; 1% risk of failure)
Confirm with . or Enter, or press ? or * to list all spells.
Aiming: Sandblast (safe; 1% risk of failure)
Press: ? - help, Shift-Dir - straight line, f/p - orc wizard
Aim: an orc wizard, wielding a dagger and wearing a robe (almost dead, umbra)
The blast of sand hits the orc wizard.
You kill the orc wizard!
Dithmenos accepts your kill.
r - 60 stones The orc wizard closely misses you.
Casting: Sandblast (safe; 1% risk of failure)
Confirm with . or Enter, or press ? or * to list all spells.
Aiming: Sandblast (safe; 1% risk of failure)
Press: ? - help, Shift-Dir - straight line, f - orc wizard
Aim: an orc wizard, wielding a dagger and wearing a robe (fast, umbra)
The blast of sand hits the orc wizard.
The orc wizard is almost dead.
r - 59 stones The orc wizard mumbles some strange words.
The orc wizard blinks!
Casting: Sandblast (safe; 1% risk of failure)
Confirm with . or Enter, or press ? or * to list all spells.
You can't see any susceptible monsters within range! (Use Z to cast anyway.)
Things that are here:
a club; 2 tomahawks; an orc corpse You start resting.
The orc wizard casts a spell at you. The magic dart hits you!
* * * LOW HITPOINT WARNING * * *
Casting: Sandblast (safe; 1% risk of failure)
Confirm with . or Enter, or press ? or * to list all spells.
Aiming: Sandblast (safe; 1% risk of failure)
Press: ? - help, Shift-Dir - straight line, f/p - orc wizard
Aim: an orc wizard, wielding a dagger and wearing a robe (almost dead, fast, The blast of sand misses the orc wizard.
r - 58 stones The orc wizard gestures at you while chanting.
The magic dart hits you!
You die...
You are now level 8!
You rejoin the land of the living...
Found a glaive.
Unknown command.
Autopickup is now off.
Are you sure you want to abandon this character and quit the game? (Confirm

..... .....
#...# . #... ..
#..# #...
..##...## .....
........#......
.......@.......
####...........
####......##
.......#
######... )# .


There were no monsters in sight!

Vanquished Creatures
  A spriggan (D:7)
  The ghost of epen the Slasher, an amateur BaMo (D:3)
  Edmund (D:4)
  A warg (D:7)
  3 sky beasts
  3 orc warriors
  3 ogres
  A phantom (D:4)
  3 centaurs
  A big kobold (D:7)
  3 bullfrogs
  A scorpion (D:6)
  5 killer bees (D:7)
  2 crimson imps
  2 centaur zombies
  2 hounds
  A bullfrog zombie (D:5)
  An orc priest (D:4)
  5 orc wizards
  A bullfrog skeleton (D:6)
  2 centaur skeletons
  2 iguanas
  9 worker ants
  Terence (D:3)
  5 gnolls
  5 adders
  3 shadow imps
  A white imp (D:6)
  4 oozes (Sewer)
  6 worms
  A dart slug (D:1)
  4 leopard geckos
  23 orcs
  9 giant cockroaches
  9 goblins
  11 hobgoblins
  17 jackals
  18 kobolds
  4 quokkas
  5 ball pythons
  25 bats
  9 frilled lizards
  A goblin skeleton (D:6)
  A goblin zombie (D:6)
  5 hobgoblin zombies (D:6)
  A jackal skeleton (D:6)
  A jackal zombie (D:7)
  2 kobold skeletons (D:6)
  2 kobold zombies (D:6)
  An orc skeleton (D:6)
  An orc zombie (D:6)
  20 rats
249 creatures vanquished.

Vanquished Creatures (others)
  2 fungi (D:3)
  2 plants (D:3)
4 creatures vanquished.

Grand Total: 253 creatures vanquished

Notes
Turn   | Place    | Note
-------+----------+-------------------------------------------
     0 | D:1      | Amnesiac the Felid Earth Elementalist began the quest for
                  | the Orb.
     0 | D:1      | Reached XP level 1. HP: 7/7 MP: 4/4
   181 | D:3      | Reached skill level 3 in Earth Magic
   183 | D:3      | Reached XP level 2. HP: 9/11 MP: 3/6
   191 | D:3      | Learned a level 2 spell: Passwall
   253 | D:3      | Reached XP level 3. HP: 4/14 MP: 0/7
   368 | D:3      | Found a runed gate.
   398 | D:3      | Found a runed gate.
   400 | D:3      | Noticed epen's ghost (amateur BaMo)
   421 | D:3      | Noticed Terence
   448 | D:3      | Found a glowing drain.
   474 | Sewer    | Entered a sewer
   792 | Sewer    | Reached XP level 4. HP: 12/18 MP: 7/9
  1020 | Sewer    | Reached skill level 4 in Earth Magic
  1122 | D:3      | Found a runed gate.
  1132 | D:4      | Learned a level 4 spell: Petrify
  1151 | D:4      | Reached skill level 1 in Unarmed Combat
  1167 | D:4      | Noticed Edmund
  1360 | D:4      | Reached XP level 5. HP: 17/21 MP: 6/10
  1734 | D:4      | Noticed a sky beast
  1990 | D:4      | Noticed an ogre
  2029 | D:4      | Gained mutation: You are covered in thick fur. (AC +2)
                  | [Felid growth]
  2029 | D:4      | Reached XP level 6. HP: 13/24 MP: 6/12
  2123 | D:5      | Entered Level 5 of the Dungeon
  2628 | D:4      | Reached skill level 5 in Earth Magic
  2953 | D:4      | Killed Edmund
  2953 | D:4      | Reached XP level 7. HP: 27/27 MP: 9/13
  3231 | D:5      | Found a burning altar of Makhleb.
  3306 | D:5      | Found an iron altar of Okawaru.
  3436 | D:5      | Reached skill level 6 in Earth Magic
  3713 | D:5      | Learned a level 5 spell: Lee's Rapid Deconstruction
  3719 | D:5      | Learned a level 3 spell: Stone Arrow
  4019 | D:4      | Reached XP level 8. HP: 24/31 MP: 0/16
  4232 | D:5      | Reached skill level 7 in Earth Magic
  4849 | D:7      | Reached skill level 5 in Spellcasting
  5554 | D:7      | Reached skill level 8 in Earth Magic
  5555 | D:7      | Found Tuahamue's General Store.
  5560 | D:7      | Bought a scroll of blinking for 97 gold pieces
  5560 | D:7      | Bought a scroll of remove curse for 39 gold pieces
  5574 | D:7      | Noticed Joseph
  5716 | D:7      | Found a hazy altar of Hepliaklqana.
  6258 | D:6      | Found a staircase to the Ecumenical Temple.
  6267 | Temple   | Entered the Ecumenical Temple
  6567 | Temple   | Became a worshipper of Dithmenos the Shadowed
  6822 | D:2      | Reached XP level 9. HP: 25/34 MP: 14/18
  6924 | D:2      | Reached * piety under Dithmenos
  7986 | D:2      | Found a faded altar of an unknown god.
  8198 | D:3      | Killed Terence
  8253 | D:3      | Reached ** piety under Dithmenos
  8404 | D:3      | Killed epen's ghost
  8800 | D:6      | Found a glowing golden altar of the Shining One.
  8864 | D:6      | Found a blossoming altar of Fedhas.
  8956 | D:6      | Reached skill level 1 in Fighting
  8956 | D:6      | Reached skill level 9 in Earth Magic
  9048 | D:6      | Reached *** piety under Dithmenos
  9577 | D:7      | Found a runed door.
  9578 | D:7      | Noticed MisterFreud's ghost (novice NaFE)
  9788 | D:8      | Found a radiant altar of Vehumet.
  9995 | D:8      | Reached skill level 5 in Dodging
 10004 | D:8      | Found a staircase to the Lair.
 10019 | D:8      | Killed from afar by an orc wizard
 10020 | D:8      | Reached XP level 8. HP: -5/34 MP: 9/18
 10020 | D:8      | Quit the game

Vault maps used:
D:1:      dpeg_arrival_circle_labyrinth_c, minmay_rat_gold_closets
D:2:      chequers_ecumenical_altar_grove, first_ration
D:3:      gup_sewer_entry_glass, gammafunk_ghost_nasty_kobolds,
          grunt_ministairs_14, st_stairs_6, uniq_terence
D:4:      uniq_edmund
D:5:      kennysheep_mini, old_standard_altar, kennysheep_generic_room_14
D:6:      nicolae_tso_besieged_by_evil, fedhas_bush_and_centaur_altar,
          minmay_temple_entry_mist, hangedman_abyss_or_decor_stagger
D:7:      marbit_many_paths, serial_shops, shop, ebering_ghost_reflecting_pool,
          the_bakery, corexii_item_surrounded_by_moat, corexii_hall_statues_x,
          uniq_joseph
D:8:      kennysheep_little_box, nicolae_ru_awakened_eye, old_standard_altar,
          erik_lair_orcish_takeover, uniq_pikel
Temple:   minmay_temple_curvy_branch
Sewer:    sewer_fruit_machine

Skill      XL: |  1  2  3  4  5  6  7  8  9 |
---------------+----------------------------+-----
Earth Magic    | 3 4 5 6 8 9 |  9.0
Stealth        | 3 4 |  4.9
Unarmed Combat | 1 2 3 4 |  4.8
Spellcasting   | 3 4 5 6 |  6.0
Dodging        | 3 4 5 |  5.2
Transmutations | 2 3 |  3.0
Fighting       | 3 |  3.1

Action                   |  1- 3 |  4- 6 |  7- 9 || total
-------------------------+-------+-------+-------++-------
Melee: Unarmed           |    28 |    51 |   369 ||   448
       Bite              |     2 |    10 |    33 ||    45
       Punch             |       |     1 |     4 ||     5
 Cast: Sandblast         |    38 |    51 |   110 ||   199
       Passwall          |     1 |     2 |     6 ||     9
       Petrify           |       |    12 |    23 ||    35
       Stone Arrow       |       |       |    30 ||    30
       Lee's Rapid Decon |       |       |     1 ||     1
  Use: Scroll            |     2 |     5 |     9 ||    16
       Potion            |     1 |     2 |       ||     3
 Stab: Sleeping          |     3 |     1 |    34 ||    38
       Petrified         |       |    20 |    38 ||    58
       Petrifying        |       |       |     5 ||     5
       Distracted        |       |       |     1 ||     1
  Eat: Chunk             |     8 |     7 |    22 ||    37
Armor: Skin              |     8 |     1 |    16 ||    25
Dodge: Dodged            |    43 |    46 |   326 ||   415

Table legend:
 A = Non-vault XP
 B = Vault XP
 C = Vault XP percentage of total XP
 D = Non-vault monster count
 E = Vault monster count
 F = Vault count percentage of total count
                 A         B        C        D         E       F
            +---------+---------+-------+---------+---------+-------
      Total |    3456 |    1255 |  26.6 |     176 |      73 |  29.3
            +---------+---------+-------+---------+---------+-------
        D:1 |      65 |       8 |  11.0 |      31 |       8 |  20.5
        D:2 |      55 |       0 |   0.0 |      24 |       0 |   0.0
        D:3 |      98 |     256 |  72.3 |      26 |      16 |  38.1
        D:4 |     733 |     171 |  18.9 |      29 |       1 |   3.3
        D:5 |     597 |       0 |   0.0 |      13 |       0 |   0.0
        D:6 |     792 |     133 |  14.4 |      27 |      15 |  35.7
        D:7 |    1063 |     388 |  26.7 |      22 |       3 |  12.0
        D:8 |      53 |     222 |  80.7 |       4 |       4 |  50.0
      Sewer |       0 |      77 | 100.0 |       0 |      26 | 100.0
            +---------+---------+-------+---------+---------+-------
